 Dungeon Crawl Stone Soup version 0.30-b1-2-g02819fbbbe (webtiles) character file.

Game seed: 1439847369063812349

34930 Borgoz the Carver (level 13, 0/86 HPs)
             Began as a Gargoyle Berserker on June 16, 2023.
             Was a Priest of Trog.
             Slain by a sun demon (14 damage)
             ... in a volcano.
             The game lasted 00:35:46 (14906 turns).

Borgoz the Carver (Gargoyle Berserker)             Turns: 14906, Time: 00:35:47

Health: 0/86       AC: 29    Str: 26    XL:     13   Next: 80%
Magic:  13/13      EV: 14    Int: 14    God:    Trog [***...]
Gold:   237        SH:  0    Dex: 13    Spells: 12/12 levels left

rFire   + + +        D - +3 great sword (flame)
rCold   . . .        (shield currently unavailable)
rNeg    + . .        H - +1 scale mail {rF+}
rPois   ∞            E - +0 hat "Zaubeg" {rPois rF+}
rElec   +            i - +2 cloak
rCorr   .            B - +1 pair of gloves of Happiness {Will- Regen+ Int+6 Stlth+}
SInv    .            w - +2 pair of boots
Will    +....        (no amulet)
Stlth   +            e - +6 ring of strength
HPRegen 1.34/turn    O - ring of protection from fire
MPRegen 0.13/turn

%: no passive effects
@: strong-willed, on berserk cooldown, regenerating, slowed, very slow
A: sickness immunity, AC +9, negative energy resistance 1, electricity
resistance, torment resistance 1, petrification resistance, weak 1
a: Renounce Religion, Berserk, Trog's Hand


You were in a volcano.
You worshipped Trog.
Trog was most pleased with you.
You visited 3 branches of the dungeon, and saw 16 of its levels.
You also visited: Gauntlet and Volcano.

You collected 618 gold pieces.
You spent 381 gold pieces at shops.

Inventory:

Hand Weapons
 D - a +3 great sword of flaming (weapon)
Missiles
 q - 18 poisoned darts (quivered)
 A - 5 curare-tipped darts
 I - 7 javelins
Armour
 c - +0 acid dragon scales
 i - a +2 cloak (worn)
 n - a +2 helmet
 w - a +2 pair of boots (worn)
 y - a +2 pair of gloves
 B - the +1 pair of gloves of Happiness (worn) {Will- Regen+ Int+6 Stlth+}
   (You found it in a Gauntlet)

   Int:       It affects your intelligence (+6).
   Regen:     It increases your rate of health regeneration.
   Will:      It decreases your willpower.
   Stlth:     It makes you more stealthy.
 E - the +0 hat "Zaubeg" (worn) {rPois rF+}
   (You found it in a Gauntlet)

   rF:        It protects you from fire.
   rPois:     It protects you from poison.
 H - a +1 scale mail of fire resistance (worn)
 L - the +1 ring mail of Valour {rElec rPois Int+3}
   (You took it off a minotaur in a Gauntlet)

   Int:       It affects your intelligence (+3).
   rElec:     It insulates you from electricity.
   rPois:     It protects you from poison.
Jewellery
 b - a ring of see invisible
 e - a +6 ring of strength (left hand)
 f - a ring of fire
 o - a ring of willpower
 z - a +4 ring of protection
 C - a ring of protection from fire
 O - a ring of protection from fire (right hand)
Wands
 r - a wand of charming (6)
 s - a wand of mindburst (11)
 x - a wand of roots (26)
 N - a wand of acid (3)
Scrolls
 d - 2 scrolls of fear
 l - 2 scrolls of fog {unknown}
 m - 3 scrolls of blinking
 t - 8 scrolls of teleportation
 F - 3 scrolls of summoning
 G - a scroll of silence {unknown}
 K - 2 scrolls of brand weapon
 M - a scroll of enchant weapon
Potions
 a - a potion of might
 g - 6 potions of flight
 h - 2 potions of attraction
 j - a potion of cancellation {unknown}
 k - 2 potions of haste
 p - 8 potions of curing
 u - a potion of invisibility
 v - a potion of magic {unknown}
 J - 3 potions of mutation


   Skills:
 + Level 12.2 Fighting
 + Level 13.6 Long Blades
 + Level 11.9 Armour
 + Level 9.2 Dodging


You had 12 spell levels left.
You didn't know any spells.
Your spell library was empty.

Dungeon Overview and Level Annotations

Branches:
Dungeon (12/15)            Temple (1/1) D:7            Lair (3/5) D:10
  Swamp (0/4) Lair:3        Snake (0/4) Lair:2          Orc (0/2) D:10
Volcano (1/1)             Gauntlet (visited)

Altars:
Ashenzari
Cheibriados
Dithmenos
Elyvilon
Fedhas
Gozag
Hepliaklqana
Kikubaaqudgha
Makhleb
Nemelex Xobeh
Okawaru
Qazlal
Ru
Sif Muna
Trog
Uskayaw
Vehumet
Wu Jian
Xom
Yredelemnul
Zin
The Shining One

Shops:
D:11 (*


Innate Abilities, Weirdness & Mutations

You are immune to sickness and miasma.
Your stone body is resilient. (AC +9)
You are immune to poison.
You resist negative energy. (rN+)
You are resistant to electric shocks. (rElec)
You are resistant to unholy torment.
You are immune to petrification.
You are weak. (Str -2)


Message History

The steam dragon bites you but does no damage.
The steam dragon barely misses you.
The sun demon hits you but does no damage.
The hell hound bites you but does no damage.
The sun demon completely misses you. The steam dragon bites you.
* * * LOW HITPOINT WARNING * * *
The steam dragon barely misses you.
You hit the sun demon.
The sun demon is heavily wounded.
The hell hound bites you.
* * * LOW HITPOINT WARNING * * *
The sun demon completely misses you.
A hell hound comes into view.
The sun demon barely misses you. The hell hound closely misses you.
The steam dragon closely misses you. The steam dragon barely misses you.
The sun demon misses you.
You slash the sun demon!
The sun demon is severely wounded.
The hell hound bites you but does no damage.
The sun demon hits you but does no damage. x2
The steam dragon barely misses you. x2
The hell hound bites you but does no damage.
The sun demon hits you but does no damage.
The sun demon barely misses you. The steam dragon bites you.
* * * LOW HITPOINT WARNING * * *
The steam dragon barely misses you.
You hit the sun demon but do no damage.
The sun demon is severely wounded.
The hell hound misses you. The sun demon closely misses you.
The hell hound bites you but does no damage.
The sun demon hits you but does no damage.
The steam dragon barely misses you.
The steam dragon claws you but does no damage.
The sun demon hits you but does no damage.
The hell hound bites you but does no damage.
You slice the sun demon!!
You kill the sun demon!
Trog accepts your kill. The hell hound closely misses you.
The sun demon hits you!
You die...

...... ..... §§.#
###≈..# ##§..# .
#§....# .§#... § #
#§....####≈..≈.# §.§
##......##.§.§≈.
..#####..§.§..h§§≈.#
#..§§.....§§...3D#
......§§§§§....h@#
......§.#####..[.#
........# ##.....§
..##...## #####§≈.§
.####### ...§ ## ..#
# ..# ##


You could see a sun demon, a steam dragon and 2 hell hounds.

Vanquished Creatures
  Jorgrun (D:12)
  Gastronok (D:8)
  A cacodemon (Gauntlet)
  A minotaur (Gauntlet)
  5 two-headed ogres
  A hell hog (Gauntlet)
  2 sun demons (Volcano)
  Urug (D:12)
  Pikel (D:8)
  An oklob plant (D:10)
  5 cyclopes
  5 manticores
  2 ugly things (D:12)
  Maurice (D:8)
  2 black mambas
  Joseph (D:7)
  A torpor snail (Lair:1)
  3 cane toads (Lair:1)
  Maggie (Lair:2)
  A smoke demon (Volcano)
  4 gargoyles (D:12)
  An unseen horror (D:12)
  3 kobold demonologists (D:12)
  2 komodo dragons
  A queen bee (Gauntlet)
  3 trolls (D:12)
  3 blink frogs (Lair:3)
  2 hornets
  A centaur simulacrum (D:12)
  Sigmund (D:3)
  A shadow (D:12)
  5 slime creatures (D:12)
  3 wyverns
  3 fire bats (Gauntlet)
  22 yaks
  2 steam dragons (Volcano)
  A vampire mosquito (D:12)
  4 wargs (D:10)
  4 acid dragons
  9 water moccasins
  A hell hound (Gauntlet)
  4 sky beasts
  4 ice beasts
  6 orc warriors
  2 ogres
  A black bear (D:7)
  4 wolves (Lair:3)
  3 centaurs
  A phantom (D:5)
  6 bullfrogs
  2 kobold brigands
  2 scorpions
  5 wights (D:8)
  11 killer bees
  3 howler monkeys
  4 crimson imps (D:7)
  2 hounds
  4 jellies
  8 orc priests
  4 gnoll boudas
  Jessica (D:3)
  4 iguanas
  2 sleepcaps
  17 orc wizards
  Robin (D:3)
  21 gnolls
  12 adders
  3 shadow imps
  5 white imps
  3 ufetubi
  2 worms
  2 dart slugs
  35 orcs
  12 endoplasms
  2 giant cockroaches
  13 goblins
  9 hobgoblins
  A jackal (D:2)
  12 kobolds
  7 quokkas
  6 ball pythons
  3 bats
  A frilled lizard (D:3)
  4 rats
367 creatures vanquished.

Vanquished Creatures (collateral kills)
  Sonja (D:12)
1 creature vanquished.

Vanquished Creatures (others)
  An ogre mage (D:12)
  2 demonic plants (D:6)
  7 fungi
  22 plants
32 creatures vanquished.

Grand Total: 400 creatures vanquished

Notes
Turn   | Place    | Note
-------+----------+-------------------------------------------
     0 | D:1      | Borgoz the Gargoyle Berserker began the quest for the Orb.
     0 | D:1      | Reached XP level 1. HP: 14/14 MP: 1/1
   190 | D:1      | Reached XP level 2. HP: 7/19 MP: 2/2
   294 | D:1      | Reached skill level 3 in Long Blades
   356 | D:1      | Reached XP level 3. HP: 23/23 MP: 3/3
  1164 | D:2      | Reached XP level 4. HP: 29/29 MP: 4/4
  1167 | D:2      | Reached ** piety under Trog
  1493 | D:3      | Noticed Robin
  1513 | D:3      | Killed Robin
  1623 | D:3      | Found a transporter.
  1628 | D:3      | Found a transporter.
  1660 | D:3      | Noticed Sigmund
  1668 | D:3      | Killed Sigmund
  1669 | D:3      | Reached skill level 4 in Long Blades
  1669 | D:3      | Reached XP level 5. HP: 34/34 MP: 5/5
  1669 | D:3      | Reached XP level 6. HP: 39/39 MP: 6/6
  1911 | D:3      | Found a stormy altar of Qazlal.
  1979 | D:3      | Found an iron altar of Okawaru.
  2034 | D:3      | Identified the +6 spear of the Lamprey {spect, rC+ Str+2}
  2220 | D:3      | Found a shimmering blue altar of Sif Muna.
  2340 | D:3      | Noticed Jessica
  2343 | D:3      | Noticed an ice beast
  2346 | D:3      | Killed Jessica
  2361 | D:3      | Killed an ice beast
  2362 | D:3      | Reached XP level 7. HP: 44/44 MP: 7/7
  2426 | D:3      | Found a faded altar of an unknown god.
  2863 | D:4      | Reached skill level 5 in Long Blades
  2930 | D:4      | Reached skill level 5 in Fighting
  3049 | D:4      | Found a burning altar of Makhleb.
  3117 | D:4      | Reached *** piety under Trog
  3239 | D:4      | Identified the +2 leather armour of Fun {Str+3}
  3509 | D:5      | Entered Level 5 of the Dungeon
  3565 | D:5      | Reached XP level 8. HP: 49/50 MP: 8/8
  3713 | D:5      | Found a sacrificial altar of Ru.
  4114 | D:6      | Reached skill level 6 in Long Blades
  4114 | D:6      | Reached skill level 5 in Armour
  4693 | D:5      | Reached XP level 9. HP: 56/56 MP: 9/9
  4697 | D:5      | Reached skill level 7 in Long Blades
  4852 | D:6      | Found a radiant altar of Vehumet.
  4891 | D:6      | Found a glowing silver altar of Zin.
  5072 | D:7      | Reached **** piety under Trog
  5214 | D:7      | Noticed Joseph
  5236 | D:7      | Killed Joseph
  5239 | D:7      | Found a staircase to the Ecumenical Temple.
  5466 | D:7      | Found a snail-covered altar of Cheibriados.
  5570 | D:7      | Found a shimmering altar of Xom.
  5576 | D:7      | Reached skill level 5 in Dodging
  5599 | D:7      | Reached skill level 8 in Long Blades
  6329 | D:8      | Noticed Maurice
  6411 | D:8      | Killed Maurice
  6412 | D:8      | Reached XP level 10. HP: 51/64 MP: 10/10
  6626 | D:8      | Noticed Gastronok
  6668 | D:8      | Reached skill level 9 in Long Blades
  6698 | D:8      | Killed Gastronok
  6799 | D:8      | Noticed Pikel
  6812 | D:8      | Killed Pikel
  6964 | D:8      | Identified the +1 leather armour of Youthful Indiscretion
                  | {Str+4 Int+2 Dex-3 SInv}
  7055 | D:8      | Found a hide-covered altar of Uskayaw.
  7265 | D:8      | Reached XP level 11. HP: 65/69 MP: 11/11
  7369 | D:8      | Reached skill level 10 in Long Blades
  7558 | D:9      | Noticed a two-headed ogre
  7558 | D:9      | Found an ornate altar of the Wu Jian Council.
  7576 | D:9      | Killed a two-headed ogre
  7759 | D:9      | Reached ***** piety under Trog
  8015 | D:9      | Found a bloodstained altar of Trog.
  8298 | Temple   | Entered the Ecumenical Temple
  8492 | D:3      | Received a gift from Trog
  8743 | D:10     | Entered Level 10 of the Dungeon
  8879 | D:10     | Found a staircase to the Orcish Mines.
  9542 | D:10     | Noticed an oklob plant
  9545 | D:10     | Found a staircase to the Lair.
  9556 | D:10     | Killed an oklob plant
  9860 | D:10     | Noticed a cyclops
  9870 | D:10     | Killed a cyclops
 10135 | D:11     | Reached skill level 11 in Long Blades
 10188 | D:11     | Found Systrec's Assorted Antiques.
 10213 | D:11     | Bought a scroll of identify for 48 gold pieces
 10253 | D:11     | Noticed a manticore
 10269 | D:11     | Killed a manticore
 10419 | D:11     | Found a white marble altar of Elyvilon.
 10544 | D:11     | Found Tobluad's Antique Weapon Emporium.
 10697 | D:11     | Noticed a manticore
 10713 | D:11     | Killed a manticore
 10964 | D:12     | Noticed a cyclops
 10970 | D:12     | Killed a cyclops
 10971 | D:12     | Reached skill level 10 in Fighting
 10979 | D:12     | Reached XP level 12. HP: 77/77 MP: 12/12
 11036 | D:12     | Noticed Jorgrun
 11047 | D:12     | Noticed Sonja
 11056 | D:12     | Killed Jorgrun
 11057 | D:12     | Reached skill level 10 in Armour
 11074 | D:12     | Killed Sonja
 11188 | D:12     | Noticed Urug
 11198 | D:12     | Killed Urug
 11208 | D:12     | Noticed a two-headed ogre
 11215 | D:12     | Killed a two-headed ogre
 11216 | D:12     | Reached skill level 12 in Long Blades
 12078 | D:12     | Noticed a two-headed ogre
 12089 | D:12     | Killed a two-headed ogre
 12523 | D:12     | Noticed a two-headed ogre
 12523 | D:12     | Noticed a two-headed ogre
 12528 | D:12     | Killed a two-headed ogre
 12529 | D:12     | Reached XP level 13. HP: 83/84 MP: 13/13
 12547 | D:12     | Reached skill level 13 in Long Blades
 12663 | D:12     | Noticed a deep elf high priest
 12664 | D:12     | Noticed a tengu reaver
 12665 | D:12     | Noticed a shadow dragon
 13121 | D:11     | Bought a potion of might for 96 gold pieces
 13121 | D:11     | Bought a scroll of teleportation for 72 gold pieces
 13121 | D:11     | Bought an amethyst potion for 21 gold pieces
 13121 | D:11     | Bought 2 potions of curing for 144 gold pieces
 13153 | Lair:1   | Entered Level 1 of the Lair of Beasts
 14296 | Lair:2   | Noticed Maggie
 14311 | Lair:2   | Killed Maggie
 14369 | Lair:2   | You fall into a shaft and drop 1 floor!
 14476 | Lair:2   | Found a gate leading to a gauntlet.
 14487 | Gauntlet | Entered a Gauntlet
 14487 | Gauntlet | Found a transporter.
 14487 | Gauntlet | Found a transporter.
 14487 | Gauntlet | Found a large runed translucent door.
 14487 | Gauntlet | Found a large runed translucent door.
 14487 | Gauntlet | Found a large runed translucent door.
 14487 | Gauntlet | Found a large runed translucent door.
 14487 | Gauntlet | Found a large runed translucent door.
 14487 | Gauntlet | Found a large runed translucent door.
 14487 | Gauntlet | Found a runed translucent door.
 14487 | Gauntlet | Found a runed translucent door.
 14487 | Gauntlet | Found a large runed translucent door.
 14487 | Gauntlet | Found a large runed translucent door.
 14487 | Gauntlet | Found a large runed translucent door.
 14487 | Gauntlet | Found a large runed translucent door.
 14487 | Gauntlet | Found a large runed translucent door.
 14487 | Gauntlet | Found a large runed translucent door.
 14493 | Gauntlet | Found a transporter.
 14493 | Gauntlet | Found a transporter.
 14503 | Gauntlet | Found a transporter.
 14503 | Gauntlet | Found a transporter.
 14503 | Gauntlet | Noticed a cacodemon
 14513 | Gauntlet | Found a transporter.
 14513 | Gauntlet | Found a transporter.
 14553 | Gauntlet | Found a transporter.
 14591 | Gauntlet | Found a transporter.
 14623 | Gauntlet | Identified the +1 pair of gloves of Happiness {Will- Regen+
                  | Int+6 Stlth+}
 14632 | Gauntlet | Gained mutation: You are weak. (Str -2) [a cacodemon]
 14637 | Gauntlet | Killed a cacodemon
 14647 | Gauntlet | Found a transporter.
 14649 | Gauntlet | Found a transporter.
 14717 | Gauntlet | Identified the +0 hat "Zaubeg" {rPois rF+}
 14771 | Gauntlet | Identified the +2 dagger "Tuhuomat" {holy, Drain rCorr
                  | Int+5}
 14771 | Gauntlet | Identified the +1 ring mail of Valour {rElec rPois Int+3}
 14771 | Gauntlet | Noticed a minotaur
 14788 | Gauntlet | Killed a minotaur
 14836 | Lair:3   | Found a dark tunnel.
 14846 | Volcano  | Entered a volcano
 14906 | Volcano  | Slain by a sun demon

Illustrated notes

Levels and vault maps discovered:
D:1:      lightli_arrival_windingriver, layout_rooms
D:2:      minmay_spotlight, layout_basic
D:3:      gammafunk_wand_slinger, layout_basic, lemuel_blue_sif_altar,
          okawaru_gym_becter, mainiacjoe_overflow_concentric_impassable,
          hellmonk_ecumenical_altar_inner_sanctum, uniq_robin, uniq_sigmund,
          uniq_jessica
D:4:      minmay_door_path, layout_basic, lemuel_doored_altar
D:5:      layout_gridville, nicolae_ru_the_path_less_chosen,
          hangedman_decor_points
D:6:      layout_rooms, zin_statuary, kennysheep_mini, serial_demonic,
          serial_demonic_b, serial_demonic_a, serial_demonic_a, serial_demonic_a
D:7:      layout_basic, lemuel_tele_altar, led_xom_imps,
          minmay_temple_entry_tees, serial_bayou_pond_e, minmay_misc_feat_room,
          grunt_ministairs_8, uniq_joseph
D:8:      layout_basic, lemuel_coloured_pillars_altar, minmay_crystal_room,
          uniq_pikel, uniq_gastronok, uniq_maurice
D:9:      minmay_flawed_box, layout_cave_pools, trog_three_pillars_becter,
          mainiacjoe_overflow_tiny_flanked
D:10:     layout_loops_ring, dpeg_oklobed_lair, minmay_orc_entry_guard_dogs,
          lightli_minifort
D:11:     layout_roguey, serial_shops, nicolae_shop_advertising_works
          [nicolae_subvault_shop_adworks], shop, elyvilon_altar_4
D:12:     minmay_nested_s, layout_irregular_city, serial_column_ruins,
          column_ruins_open_tiny, column_ruins_open_tiny,
          column_ruins_columns_corner, column_ruins_columns_corner, uniq_sonja,
          uniq_frances, uniq_urug, uniq_jorgrun
Temple:   eino_temple_lava
Lair:1:   layout_gridlike, minivault_11
Lair:2:   layout_loops_ring, guppyfry_snake_entry_island,
          gauntlet_entry_generic, uniq_maggie
Lair:3:   layout_gridlike, nicolae_swamp_entry_spooky, special_room
          [special_room_mythical_zoo], basic_altar,
          nicolae_volcano_entry_two_sided, minivault_24
Volcano:  hellmonk_smoking_crater

Skill      XL: |  1  2  3  4  5  6  7  8  9 10 11 12 13 |
---------------+----------------------------------------+-----
Long Blades    | 3 4 5 6 8 9 11 12 13 | 13.6
Dodging        | 2 3 4 5 6 7 8 9 |  9.2
Armour         | 3 4 5 7 8 9 10 11 | 11.9
Fighting       | 4 5 6 7 8 10 11 12 | 12.2

Action                     |  1- 3 |  4- 6 |  7- 9 | 10-12 | 13-15 || total
---------------------------+-------+-------+-------+-------+-------++-------
  Melee: Falchion          |   145 |   144 |   532 |   312 |       ||  1133
         Punch             |     2 |     6 |     7 |    13 |       ||    28
         Scimitar          |       |       |       |   340 |       ||   340
         Great sword       |       |       |       |   204 |   298 ||   502
 Invoke: Berserk           |       |     2 |     5 |    15 |     9 ||    31
         Trog's Hand       |       |       |     1 |     4 |     4 ||     9
         Brothers in Arms  |       |       |       |     1 |       ||     1
    Use: Scroll            |       |     2 |    17 |     7 |     7 ||    33
         Potion            |       |       |     1 |     8 |     1 ||    10
   Stab: Sleeping          |       |     1 |       |       |       ||     1
         Invisible         |       |       |       |     4 |       ||     4
 Armour: Animal skin       |    61 |     7 |       |       |       ||    68
         Ring mail         |       |    55 |       |       |       ||    55
         Scale mail        |       |    13 |   361 |   553 |   380 ||  1307
  Dodge: Dodged            |   106 |    97 |   319 |   577 |   362 ||  1461
